[Event "Titled Tuesday Blitz April 18 Late 2023"]
[White "Fuzesabonyilaci"]
[Black "brm72"]
[WhiteElo "2342"]
[BlackElo "2600"]
[Result "1/2-1/2"]
[Round "02"]
[TimeControl "180+2"]
[Date "2023.04.18"]
[WhiteClock "0:00:15"]
[BlackClock "0:00:19"]

1. e4 c6 2. d4 d5 3. Nc3 dxe4 4. Nxe4 Nf6 5. Nxf6+ exf6 6. Bf4 Be6 7. Qd2 Nd7 8. Nf3 Be7 9. Be2 O-O 10. O-O Re8 11. c4 Nf8 12. Rfd1 Bf5 13. Nh4 Bg6 14. Bf3 Ne6 15. Nxg6 hxg6 16. Bg3 Ng5 17. d5 Nxf3+ 18. gxf3 cxd5 19. cxd5 Bd6 20. Rac1 Qd7 21. Kg2 Rad8 22. Qa5 b6 23. Qa6 f5 24. Qc4 g5 25. Bxd6 Qxd6 26. Qc6 Re5 27. Qxd6 Rxd6 28. Rc8+ Kh7 29. Rc7 f6 30. Rxa7 Rexd5 31. Rxd5 Rxd5 32. Rb7 Rb5 33. b3 Kh6 34. Rc7 Rd5 35. Rc6 b5 36. a4 bxa4 37. bxa4 Rd4 38. Ra6 Rd2 39. Ra8 Ra2 40. a5 Kg6 41. a6 f4 42. a7 f5 43. h3 Ra3 44. Kg1 Ra2 45. Kg2 Ra3 46. Kg1 g4 47. hxg4 fxg4 48. fxg4 Kg5 49. f3 g6 50. Kg2 Ra2+ 51. Kf1 Ra3 52. Ke2 Ra2+ 53. Kd3 Ra3+ 54. Ke4 Ra4+ 55. Kd5 Ra5+ 56. Kc6 Ra1 57. Kb6 Rb1+ 58. Kc7 Rc1+ 59. Kd7 Ra1 60. Ke7 Ra6 61. Kf7 Ra5 62. Kg7 Ra6 63. Kh7 Ra5 64. Kg7 Ra6 65. Kf7 Ra2 66. Ke7 Ra4 67. Kd6 Ra1 68. Kc5 Rc1+ 69. Kb4 Rb1+ 70. Kc3 Ra1 71. Kb2 Ra6 72. Kb3 Ra1 73. Kb4 Rb1+ 74. Kc5 Rc1+ 75. Kd6 Rd1+ 76. Ke7 Ra1 77. Kf7 Ra3 78. Kg7 Ra4 79. Kh7 Ra5 80. Kg7 1/2-1/2


[Site "https://www.chess.com"]

[Event "Titled Tuesday Blitz April 18 Late 2023"]
[White "Hercegovac, Neven"]
[Black "Srinath, Rao S.V."]
[WhiteFideId "2839135"]
[BlackFideId "5028876"]
[WhiteElo "2075"]
[BlackElo "2196"]
[Result "0-1"]
[Round "02"]
[TimeControl "180+2"]
[Date "2023.04.18"]
[WhiteClock "0:00:17"]
[BlackClock "0:00:57"]

1. d4 d5 2. Nc3 e6 3. Bf4 Bd6 4. e3 Bxf4 5. exf4 Nf6 6. Nf3 Nbd7 7. Qd2 a6 8. h4 c5 9. h5 h6 10. O-O-O b5 11. Ne5 Qa5 12. f5 b4 13. Nb1 Nxe5 14. dxe5 Ne4 15. Qf4 Qxa2 16. f3 Nf2 17. Be2 Nxh1 18. Rxh1 exf5 19. g4 fxg4 20. fxg4 Be6 21. g5 c4 22. gxh6 Rxh6 23. Qg3 c3 24. bxc3 bxc3 25. Qxc3 Rc8 26. Qd2 Bf5 27. Bd3 Rb6 28. Qg5 Qxc2+ 29. Bxc2 Rxc2+ 30. Kd1 Rxb1+ 31. Qc1 Rbxc1# 0-1


[Site "https://www.chess.com"]

[Event "Titled Tuesday Blitz April 18 Late 2023"]
[White "Kanakaris, Georgios"]
[Black "Rodriguez Santiago, Jaime"]
[WhiteFideId "4209460"]
[BlackFideId "3100898"]
[WhiteElo "2291"]
[BlackElo "2025"]
[Result "1-0"]
[Round "02"]
[TimeControl "180+2"]
[Date "2023.04.18"]
[WhiteClock "0:00:16"]
[BlackClock "0:00:24"]

1. d4 Nf6 2. Nf3 e6 3. c4 d5 4. e3 c6 5. Nbd2 Bd6 6. Bd3 O-O 7. O-O dxc4 8. Nxc4 Bc7 9. e4 Nbd7 10. e5 Nd5 11. Bxh7+ Kxh7 12. Ng5+ Kg8 13. Qh5 N7f6 14. exf6 Nxf6 15. Qh4 g6 16. Ne5 Kg7 17. Be3 Rh8 18. Qf4 Qe7 19. h3 Rh5 20. Rad1 Bd7 21. Qf3 Rah8 22. Ngxf7 Rf5 23. Qe2 Be8 24. Nxh8 Kxh8 25. f4 Kg7 26. g4 Nxg4 27. hxg4 Qh4 28. gxf5 gxf5 29. Qg2+ Kf6 30. Qg5+ 1-0


[Site "https://www.chess.com"]

[Event "Titled Tuesday Blitz April 18 Late 2023"]
[White "Vasques, Antonio Pedro Freixial"]
[Black "Klenburg, Michael"]
[WhiteFideId "1908332"]
[BlackFideId "14102072"]
[WhiteElo "2212"]
[BlackElo "2396"]
[Result "0-1"]
[Round "02"]
[TimeControl "180+2"]
[Date "2023.04.18"]
[WhiteClock "0:00:02"]
[BlackClock "0:00:16"]

1. e4 d6 2. d4 Nf6 3. Nc3 g6 4. h4 Bg7 5. h5 Nxh5 6. Rxh5 gxh5 7. Qxh5 Bxd4 8. Bc4 e6 9. Nf3 Bg7 10. Bg5 Qd7 11. O-O-O Nc6 12. e5 Nxe5 13. Nxe5 Bxe5 14. Ne4 Qa4 15. Qe2 Bd7 16. f4 Bg7 17. Bf6 Bxf6 18. Nxf6+ Kd8 19. f5 d5 20. Bxd5 exd5 21. Rxd5 Kc8 22. Rxd7 Qc6 23. Qe7 b6 24. b4 Kb7 25. b5 Qc4 26. Nd5 Rac8 27. Qe5 Rhe8 28. Qf4 Re1+ 29. Kb2 Qxb5+ 30. Nb4 Qxd7 31. Qf3+ c6 32. Qg3 Qd4+ 0-1


[Site "https://www.chess.com"]

[Event "Titled Tuesday Blitz April 18 Late 2023"]
[White "Pesotskiy, Mikhail"]
[Black "Blomqvist, Erik"]
[WhiteFideId "34164453"]
[BlackFideId "1709437"]
[WhiteElo "2131"]
[BlackElo "2436"]
[Result "0-1"]
[Round "02"]
[TimeControl "180+2"]
[Date "2023.04.18"]
[WhiteClock "0:00:10"]
[BlackClock "0:00:35"]

1. d4 d5 2. c4 c6 3. Nf3 Nf6 4. Nbd2 Bf5 5. Nh4 Be4 6. f3 Bg6 7. Qb3 Qb6 8. e3 e6 9. g3 Qxb3 10. axb3 Bc2 11. c5 g5 12. Ng2 Bg7 13. b4 e5 14. dxe5 Nfd7 15. f4 a5 16. bxa5 Nxc5 17. b4 Nd3+ 18. Bxd3 Bxd3 19. Bb2 Na6 20. Bc3 Nc7 21. Nb3 Nb5 22. Bb2 Bf8 23. Nc5 Be4 24. Kf2 Rg8 25. Nxb7 Bxb4 26. Rhc1 Ra6 27. Nd6+ Nxd6 28. exd6 Bxd6 29. Bd4 Kd7 30. Rcb1 Bxb1 31. Rxb1 Rxa5 32. Rb7+ Ke6 33. Kf3 g4+ 34. Kf2 Ra2+ 35. Rb2 Rxb2+ 36. Bxb2 Ra8 37. Bg7 Ra2+ 0-1


[Site "https://www.chess.com"]

[Event "Titled Tuesday Blitz April 18 Late 2023"]
[White "Seder, Mohammed"]
[Black "Zarnicki, Pablo"]
[WhiteFideId "11505567"]
[BlackFideId "100137"]
[WhiteElo "1862"]
[BlackElo "2468"]
[Result "0-1"]
[Round "02"]
[TimeControl "180+2"]
[Date "2023.04.18"]
[WhiteClock "0:00:02"]
[BlackClock "0:00:05"]

1. e4 c5 2. Nf3 e6 3. d4 cxd4 4. Nxd4 Nf6 5. Bd3 Nc6 6. Be3 d5 7. exd5 Nxd5 8. Nxc6 Nxe3 9. Nxd8 Nxd1 10. Nxe6 Nxf2 11. Nc7+ Kd8 12. Kxf2 Bc5+ 13. Kg3 Kxc7 14. Rf1 Be6 15. Nd2 Rad8 16. Ne4 Be7 17. Rae1 h6 18. Kf2 f5 19. Ng3 Bc5+ 20. Ke2 Rhe8 21. Kd1 g6 22. Kc1 h5 23. Ne2 Be3+ 24. Kb1 Bd5 25. Nc3 Bxg2 26. Bb5 Re5 27. Rg1 Bxg1 28. Rxe5 a6 29. Re7+ Kd6 30. Re1 Bf2 31. Re2 axb5 32. Rxf2 Bc6 33. Rd2+ Kc7 34. Rxd8 Kxd8 35. Kc1 f4 36. Kd2 g5 37. Ne2 Ke7 38. h4 Kf6 39. hxg5+ Kxg5 40. Kd3 Kg4 41. Nd4 f3 42. Ke3 h4 0-1


[Site "https://www.chess.com"]

[Event "Titled Tuesday Blitz April 18 Late 2023"]
[White "Moral Garcia, Serafin"]
[Black "Skaric, Djuro"]
[WhiteFideId "2201925"]
[BlackFideId "934569"]
[WhiteElo "2274"]
[BlackElo "2282"]
[Result "1-0"]
[Round "02"]
[TimeControl "180+2"]
[Date "2023.04.18"]
[WhiteClock "0:01:30"]
[BlackClock "0:01:46"]

1. Nf3 d6 2. b3 Nf6 3. Bb2 Nc6 4. c4 g6 5. e3 Bg7 6. Be2 O-O 7. d4 Nd7 8. Nc3 e5 9. dxe5 Ndxe5 10. O-O h6 11. Qd2 a6 12. Nd5 Bf5 13. Nxe5 dxe5 14. Rfd1 Ne7 15. Ba3 Nxd5 16. Bxf8 Qxf8 17. Qxd5 c6 18. Qd6 Qe8 19. Qc7 Rb8 20. Rd2 e4 21. Rad1 Be5 22. Qxb8 Bxb8 23. Rd8 Kf8 24. Rxe8+ Kxe8 25. g4 Be6 26. h3 Ke7 27. Kg2 Be5 28. a4 a5 29. Bf1 b6 30. Kg1 Bc3 31. Bg2 f5 32. gxf5 gxf5 33. Kf1 Be5 34. Ke2 h5 35. f3 f4 36. fxe4 Bxh3 37. Bxh3 1-0


[Site "https://www.chess.com"]

[Event "Titled Tuesday Blitz April 18 Late 2023"]
[White "Graif, William"]
[Black "Marchesich, Giovanni"]
[WhiteFideId "2609835"]
[BlackFideId "2824790"]
[WhiteElo "2205"]
[BlackElo "2209"]
[Result "1-0"]
[Round "02"]
[TimeControl "180+2"]
[Date "2023.04.18"]
[WhiteClock "0:00:12"]
[BlackClock "0:00:02"]

1. e4 e5 2. Nf3 Nc6 3. d4 exd4 4. c3 d5 5. Bd3 dxe4 6. Bxe4 Nf6 7. Bxc6+ bxc6 8. Nxd4 Ba6 9. Qa4 Bb7 10. O-O Qd7 11. Bg5 Be7 12. Na3 O-O 13. Rad1 Qg4 14. Bxf6 Bxf6 15. f3 Qg6 16. Nxc6 Rfe8 17. Na5 Re2 18. Rf2 Rae8 19. Nxb7 Rxf2 20. Kxf2 Bh4+ 21. g3 Qb6+ 22. Kf1 Rb8 23. gxh4 Qxb7 24. Qe4 Qxb2 25. Nc4 Qxc3 26. Qd3 Qf6 27. Kg2 h5 28. Qd4 Qg6+ 29. Kf2 Qa6 30. Rd2 Qa4 31. Ne5 Qe8 32. Re2 Qb5 33. Qc4 Qb6+ 34. Kg2 Qf6 35. Qd4 Qf5 36. Qe4 Qe6 37. Nd3 Qb6 38. Qe3 Qd6 39. Nf4 Qf6 40. Nxh5 Qg6+ 41. Ng3 f5 42. h5 Qf6 43. Qe6+ Qxe6 44. Rxe6 Kf7 45. Re2 f4 46. Ne4 Ke6 47. Rc2 Kd7 48. Nc5+ Kc6 49. Na6+ 1-0


[Site "https://www.chess.com"]

[Event "Titled Tuesday Blitz April 18 Late 2023"]
[White "Ardila, Oscar Humberto"]
[Black "ATM622"]
[WhiteFideId "4404742"]
[WhiteElo "1918"]
[BlackElo "2508"]
[Result "0-1"]
[Round "02"]
[TimeControl "180+2"]
[Date "2023.04.18"]
[WhiteClock "0:00:06"]
[BlackClock "0:00:48"]

1. d4 Nf6 2. c4 e6 3. Nc3 Bb4 4. Bd2 c5 5. dxc5 Na6 6. a3 Bxc3 7. Bxc3 Nxc5 8. Nf3 O-O 9. e3 b6 10. b4 Nce4 11. Bb2 Bb7 12. Be2 d5 13. O-O Rc8 14. Rc1 dxc4 15. Bxc4 Nd5 16. Qd4 Qf6 17. Qxf6 Nexf6 18. Rfd1 Rfd8 19. Nd4 Kf8 20. Nb5 a6 21. Nd4 Ke7 22. Bd3 g6 23. Rxc8 Rxc8 24. Rc1 Rxc1+ 25. Bxc1 e5 26. Ne2 e4 27. Bc4 b5 28. Bb3 Nb6 29. Bb2 Bd5 30. Bc2 Nc4 31. Bc1 Kd6 32. Kf1 Nd7 33. Ke1 Nde5 34. Nc3 f5 35. Nxd5 Kxd5 36. Ke2 g5 37. f3 h5 38. a4 bxa4 39. Bxa4 Nd3 40. Bd2 Nxd2 41. Kxd2 exf3 42. gxf3 Nxb4 43. Be8 h4 44. Bf7+ Ke5 45. Kc3 Nd5+ 46. Kd3 a5 47. Bg8 a4 48. Bf7 a3 49. Bxd5 Kxd5 50. Kc3 h3 51. Kb3 g4 52. fxg4 fxg4 53. Kxa3 g3 0-1


[Site "https://www.chess.com"]

[Event "Titled Tuesday Blitz April 18 Late 2023"]
[White "Kraus, Tomas"]
[Black "Tokman, Ariel"]
[WhiteFideId "331708"]
[BlackFideId "117420"]
[WhiteElo "2389"]
[BlackElo "2263"]
[Result "1/2-1/2"]
[Round "02"]
[TimeControl "180+2"]
[Date "2023.04.18"]
[WhiteClock "0:00:09"]
[BlackClock "0:00:08"]

1. d4 Nf6 2. c4 g6 3. Nf3 Bg7 4. e3 d5 5. cxd5 Nxd5 6. Be2 O-O 7. O-O Nc6 8. e4 Nb6 9. d5 Nb8 10. Nc3 c6 11. Bg5 cxd5 12. exd5 Bg4 13. Re1 Re8 14. Rc1 Na6 15. Bb5 Bd7 16. Bxa6 bxa6 17. d6 f6 18. dxe7 Rxe7 19. Rxe7 Qxe7 20. Nd5 Qf7 21. Nxb6 axb6 22. Rc7 Rd8 23. Ne5 Qe8 24. Rxd7 Rxd7 25. Nxd7 fxg5 26. Nxb6 Bxb2 27. h4 Bg7 28. hxg5 Qe6 29. Qd5 Kf7 30. f4 h6 31. Qxe6+ Kxe6 32. gxh6 Bxh6 33. g3 g5 34. fxg5 Bxg5 35. Kg2 Kd6 36. Kf3 Kc5 37. Nd7+ Kb4 38. Kg4 Bc1 39. Nb8 a5 40. Nc6+ Kb5 41. Nxa5 Kxa5 42. Kf5 Ka4 43. g4 Ka3 44. g5 Bxg5 45. Kxg5 Kxa2 1/2-1/2


[Site "https://www.chess.com"]

[Event "Titled Tuesday Blitz April 18 Late 2023"]
[White "Ronka, Erik"]
[Black "ilya2700"]
[WhiteFideId "505080"]
[WhiteElo "2264"]
[BlackElo "2309"]
[Result "1-0"]
[Round "02"]
[TimeControl "180+2"]
[Date "2023.04.18"]
[WhiteClock "0:00:42"]
[BlackClock "0:00:13"]

1. e4 c5 2. Nf3 e6 3. g3 d5 4. exd5 exd5 5. d4 Nc6 6. Bg2 Nf6 7. O-O Be7 8. dxc5 Bxc5 9. Re1+ Be6 10. a3 O-O 11. b4 Bb6 12. Bb2 Ne4 13. Re2 Re8 14. Nc3 Bg4 15. Nxd5 Nxf2 16. Rxf2 Bxf2+ 17. Kxf2 Ne5 18. Qd4 Bxf3 19. Bxf3 f6 20. c4 Rc8 21. c5 Nxf3 22. Kxf3 Re5 23. Rd1 Qe8 24. Qg4 Rd8 25. Nxf6+ 1-0


[Site "https://www.chess.com"]

[Event "Titled Tuesday Blitz April 18 Late 2023"]
[White "Fajdetic, Hrvoje"]
[Black "Karas, Marek"]
[WhiteFideId "14501945"]
[BlackFideId "14928558"]
[WhiteElo "2185"]
[BlackElo "2233"]
[Result "0-1"]
[Round "02"]
[TimeControl "180+2"]
[Date "2023.04.18"]
[WhiteClock "0:00:04"]
[BlackClock "0:01:11"]

1. d4 Nf6 2. Bf4 d5 3. e3 c5 4. Nc3 cxd4 5. exd4 a6 6. Bd3 Nc6 7. Nce2 Bg4 8. c3 e6 9. f3 Bh5 10. g4 Bg6 11. h4 Bxd3 12. Qxd3 Bd6 13. Nh3 Bxf4 14. Nhxf4 Qd6 15. g5 Nd7 16. Nh5 g6 17. Nhf4 O-O-O 18. O-O-O Kb8 19. h5 Rc8 20. Kb1 Qe7 21. Rdg1 Nb6 22. Nc1 Nc4 23. Nfe2 Qc7 24. f4 Qb6 25. b3 Nd6 26. Ng3 Na7 27. Rh2 Nab5 28. Nce2 Qc6 29. Rc1 Rhd8 30. hxg6 hxg6 31. Kb2 Rc7 32. Rc2 Rdc8 33. Rh1 Qb6 34. Rhc1 Qa5 35. a4 Na7 36. Ra1 Nc6 37. Rac1 Ne7 38. Qd2 Nef5 39. c4 Qxd2 40. Rxd2 dxc4 41. d5 Nxg3 42. Nxg3 c3+ 43. Rxc3 Rxc3 44. dxe6 Rxg3 45. Rxd6 fxe6 46. Rxe6 Rf8 47. Rxg6 Rxf4 0-1


[Site "https://www.chess.com"]

[Event "Titled Tuesday Blitz April 18 Late 2023"]
[White "Sonnenschein, Philipp"]
[Black "Garrido, Denis"]
[WhiteFideId "16250877"]
[BlackFideId "601217"]
[WhiteElo "2224"]
[BlackElo "2306"]
[Result "0-1"]
[Round "02"]
[TimeControl "180+2"]
[Date "2023.04.18"]
[WhiteClock "0:00:18"]
[BlackClock "0:00:24"]

1. e4 e6 2. d4 d5 3. Nd2 Be7 4. Bd3 c5 5. Ngf3 Nf6 6. exd5 Qxd5 7. dxc5 Nbd7 8. O-O Nxc5 9. Bc4 Qd6 10. Qe2 O-O 11. Rd1 Qc7 12. b3 b6 13. Bb2 Bb7 14. Nf1 Qf4 15. Rd4 Qh6 16. Rad1 Rfd8 17. Rxd8+ Rxd8 18. Rxd8+ Bxd8 19. Ne5 Qg5 20. Ng3 Bc7 21. Nf3 Qg6 22. Ne5 Qg5 23. Nf3 Qf4 24. Ne5 h6 25. Nd3 Nxd3 26. Qxd3 Ng4 27. Qe2 Bd6 28. Bd3 Bc5 29. Be5 Bxf2+ 30. Kh1 Nxe5 0-1


[Site "https://www.chess.com"]

[Event "Titled Tuesday Blitz April 18 Late 2023"]
[White "Rose, Felix"]
[Black "TheKnightOfBosnia"]
[WhiteFideId "5105722"]
[WhiteElo "2039"]
[BlackElo "2503"]
[Result "0-1"]
[Round "02"]
[TimeControl "180+2"]
[Date "2023.04.18"]
[WhiteClock "0:01:23"]
[BlackClock "0:02:19"]

1. e4 e5 2. Nf3 Nc6 3. Bb5 a6 4. Ba4 Nf6 5. O-O b5 6. Bb3 Bb7 7. d3 Be7 8. c3 O-O 9. Nbd2 d5 10. exd5 Nxd5 11. Re1 Nf4 12. Bc2 Nxd3 13. Bxd3 Qxd3 14. Nxe5 Nxe5 15. Rxe5 Bd6 16. Re3 Qg6 17. Qf1 Rfe8 18. Nb3 c5 19. Rxe8+ Rxe8 20. Be3 Qh5 21. g3 Qf3 0-1


[Site "https://www.chess.com"]

[Event "Titled Tuesday Blitz April 18 Late 2023"]
[White "Lenaerts, Lennert"]
[Black "Wang, Alexander J"]
[WhiteFideId "211435"]
[BlackFideId "30955270"]
[WhiteElo "2334"]
[BlackElo "2305"]
[Result "1-0"]
[Round "02"]
[TimeControl "180+2"]
[Date "2023.04.18"]
[WhiteClock "0:02:38"]
[BlackClock "0:01:33"]

1. d4 d5 2. c4 e6 3. Nc3 c5 4. cxd5 exd5 5. Nf3 Nc6 6. g3 Nf6 7. Bg2 Be7 8. O-O O-O 9. Bg5 Be6 10. dxc5 Bxc5 11. Bxf6 Qxf6 12. Nxd5 Qxb2 13. Nc7 Rad8 14. Qc1 Qxc1 15. Raxc1 Ba3 16. Nxe6 fxe6 17. Rc4 Rd7 18. Bh3 Rf6 19. Rb1 Na5 20. Re4 Rd6 21. Ra4 1-0


[Site "https://www.chess.com"]

[Event "Titled Tuesday Blitz April 18 Late 2023"]
[White "Li, Hui"]
[Black "Rios Escobar, Adan"]
[WhiteFideId "15400310"]
[BlackFideId "3403645"]
[WhiteElo "1967"]
[BlackElo "2502"]
[Result "0-1"]
[Round "02"]
[TimeControl "180+2"]
[Date "2023.04.18"]
[WhiteClock "0:00:01"]
[BlackClock "0:00:15"]

1. e4 c5 2. Nf3 d6 3. d4 cxd4 4. Nxd4 Nf6 5. Nc3 a6 6. Be2 e5 7. Nb3 Be6 8. f4 exf4 9. Bxf4 Nc6 10. Nd4 Ne5 11. O-O Be7 12. Bxe5 dxe5 13. Nxe6 fxe6 14. Qxd8+ Rxd8 15. Bc4 Bc5+ 16. Kh1 Ke7 17. Rad1 Rd4 18. Bd3 Rhd8 19. Ne2 Ra4 20. Nc3 Rad4 21. Ne2 Rb4 22. b3 Rb6 23. h3 Rbd6 24. Ng3 b5 25. Be2 Rxd1 26. Rxd1 Rxd1+ 27. Bxd1 Bf2 28. Nh5 Nxe4 29. Nxg7 Ng3+ 30. Kh2 Kf7 31. Nh5 Nf1+ 32. Kh1 Ne3 33. Bf3 Nxc2 34. g4 Nb4 35. Be4 Nxa2 36. Bxh7 Nc1 37. Bc2 e4 38. Kg2 e3 39. Kf1 a5 40. Nf4 e5 41. Nd3 Na2 42. Nxe5+ Ke6 43. Nd3 Bh4 44. Ke2 Bg5 45. h4 Nc3+ 46. Kf3 Bxh4 47. Kxe3 Bg5+ 48. Kd4 Bf6+ 49. Ke3 Nd5+ 50. Kd2 Bg5+ 51. Kd1 Ne3+ 52. Kd2 Nxg4+ 53. Kc3 Bf6+ 54. Kd2 Bd4 55. Nf4+ Ke5 56. Ne2 Be3+ 57. Kd3 Bc5 58. Kd2 Nf2 59. Bd3 b4 60. Bc4 Ne4+ 61. Kc2 Nd6 62. Bd3 Bf2 63. Kb2 Bd4+ 64. Ka2 Kd5 65. Ng3 Bc3 66. Nf5 Nb7 67. Be2 Nc5 68. Bc4+ Ke4 69. Nd6+ Ke3 70. Nb5 Kd2 71. Nd6 Kc2 72. Nc8 a4 0-1


[Site "https://www.chess.com"]

[Event "Titled Tuesday Blitz April 18 Late 2023"]
[White "Petrovic, Aleksa"]
[Black "Sarkar, Justin"]
[WhiteFideId "967629"]
[BlackFideId "2010011"]
[WhiteElo "2309"]
[BlackElo "2189"]
[Result "1-0"]
[Round "02"]
[TimeControl "180+2"]
[Date "2023.04.18"]
[WhiteClock "0:01:16"]
[BlackClock "0:00:02"]

1. d4 Nf6 2. c4 e6 3. Nc3 Bb4 4. Qc2 Nc6 5. Nf3 O-O 6. a3 Bxc3+ 7. Qxc3 d6 8. b4 e5 9. Bb2 e4 10. Nd2 d5 11. e3 Bf5 12. b5 Ne7 13. a4 h5 14. h3 dxc4 15. Bxc4 Ned5 16. Qb3 h4 17. Nb1 a6 18. Nc3 Nxc3 19. Bxc3 axb5 20. axb5 Rxa1+ 21. Bxa1 c6 22. Bc3 Nd5 23. Bd2 Be6 24. bxc6 bxc6 25. O-O Qg5 26. Kh2 f5 27. f4 1-0


[Site "https://www.chess.com"]

[Event "Titled Tuesday Blitz April 18 Late 2023"]
[White "Bueno, Alfeu Junior Varela"]
[Black "Silva, Caio Henrique Angelico"]
[WhiteFideId "2108879"]
[BlackFideId "22777210"]
[WhiteElo "2175"]
[BlackElo "2096"]
[Result "1/2-1/2"]
[Round "02"]
[TimeControl "180+2"]
[Date "2023.04.18"]
[WhiteClock "0:00:05"]
[BlackClock "0:00:18"]

1. e4 c6 2. d4 d5 3. f3 g6 4. Nc3 Bg7 5. Be3 dxe4 6. fxe4 Nf6 7. Nf3 O-O 8. h3 a5 9. a4 Na6 10. Bc4 Nb4 11. O-O b6 12. Ng5 Ba6 13. Bxa6 Nxa6 14. Qe2 Nd7 15. e5 e6 16. Nge4 c5 17. Rad1 cxd4 18. Bxd4 Qe7 19. Nf6+ Kh8 20. Nxd7 Qxd7 21. Bc5 Nxc5 22. Rxd7 Nxd7 23. Nb5 Nxe5 24. Rd1 Rac8 25. c3 Kg8 26. Rd6 Nc4 27. Rd7 Ne5 28. Rb7 Rfd8 29. Rxb6 Nc4 30. Rb7 Rd2 31. Qf3 f5 32. Nd4 e5 33. Qd5+ Kh8 34. Qf7 Rg8 35. Ne6 Nd6 36. Qd7 Rd1+ 37. Kh2 Nxb7 38. Qxd1 Bf6 39. Qd5 Nd8 40. Nc7 e4 41. Qxa5 e3 42. Qb5 Be5+ 43. Kg1 Bxc7 44. Kf1 Bg3 45. Ke2 f4 46. Qe5+ Rg7 47. Qe8+ Rg8 48. Qe5+ Rg7 49. Qe8+ Rg8 50. Qe5+ 1/2-1/2


[Site "https://www.chess.com"]

[Event "Titled Tuesday Blitz April 18 Late 2023"]
[White "Hajiyev, Kanan"]
[Black "Tyagi, Kushan"]
[WhiteFideId "13404148"]
[BlackFideId "2040069"]
[WhiteElo "2103"]
[BlackElo "2290"]
[Result "1-0"]
[Round "02"]
[TimeControl "180+2"]
[Date "2023.04.18"]
[WhiteClock "0:01:29"]
[BlackClock "0:00:01"]

1. d4 Nf6 2. Nf3 e6 3. c4 b6 4. Nc3 Bb7 5. g3 Bb4 6. Qc2 Ne4 7. Bd2 f5 8. Bg2 Nxd2 9. Qxd2 O-O 10. O-O d6 11. a3 Bxc3 12. Qxc3 Nd7 13. h4 Qe7 14. b4 c5 15. Rfd1 Nf6 16. Nd2 Bxg2 17. Kxg2 e5 18. dxe5 dxe5 19. Nf3 Rfe8 20. e3 Ne4 21. Qb2 f4 22. exf4 exf4 23. g4 Rad8 24. Rxd8 Rxd8 25. Re1 Qb7 26. Qe5 Nd2 27. Qe6+ Kf8 28. Qf5+ Kg8 29. Qxf4 Rf8 30. Qxd2 Qxf3+ 31. Kh2 Qxg4 32. Qd5+ Kh8 33. Qg2 Qxh4+ 34. Kg1 Qxc4 35. Re7 Qc1+ 36. Kh2 Qh6+ 37. Kg1 Rd8 38. Re1 Rf8 39. bxc5 1-0


[Site "https://www.chess.com"]

[Event "Titled Tuesday Blitz April 18 Late 2023"]
[White "Smith, Garrett L"]
[Black "Li, William"]
[WhiteFideId "2024829"]
[BlackFideId "2619750"]
[WhiteElo "2286"]
[BlackElo "2070"]
[Result "1-0"]
[Round "02"]
[TimeControl "180+2"]
[Date "2023.04.18"]
[WhiteClock "0:00:20"]
[BlackClock "0:00:01"]

1. e4 c5 2. a3 Nc6 3. b4 cxb4 4. axb4 Nxb4 5. d4 e5 6. c3 Nc6 7. d5 Nce7 8. d6 Nc6 9. Na3 a6 10. Nb5 axb5 11. Rxa8 b4 12. cxb4 Nd4 13. Nf3 Bxd6 14. Nxd4 Bxb4+ 15. Bd2 Bxd2+ 16. Qxd2 exd4 17. Qc2 Ne7 18. Bd3 O-O 19. O-O d6 20. Qb2 Nc6 21. Bb5 Qf6 22. Rd1 Qg5 23. Bxc6 bxc6 24. Qxd4 Rd8 25. f3 d5 26. Qd2 Qh5 27. exd5 cxd5 28. Qa5 Qg5 29. Qc7 Qe3+ 30. Kh1 Qe8 31. Rc1 Bb7 32. Rxd8 Qxd8 33. Qxd8# 1-0


[Site "https://www.chess.com"]

[Event "Titled Tuesday Blitz April 18 Late 2023"]
[White "Chabris, Christopher"]
[Black "Jaskolka, Tomasz"]
[WhiteFideId "2005263"]
[BlackFideId "1170791"]
[WhiteElo "2284"]
[BlackElo "2155"]
[Result "1-0"]
[Round "02"]
[TimeControl "180+2"]
[Date "2023.04.18"]
[WhiteClock "0:01:35"]
[BlackClock "0:00:39"]

1. e4 e6 2. d4 d5 3. Nc3 Bb4 4. e5 Ne7 5. a3 Bxc3+ 6. bxc3 c5 7. h4 Nbc6 8. h5 h6 9. Qg4 Nf5 10. Bd3 Nce7 11. Rh3 Qa5 12. Bd2 c4 13. Be2 Qa4 14. Bd1 Bd7 15. Qf4 g5 16. Qf3 O-O 17. g4 Ng7 18. Qf6 Kh7 19. Qxe7 b5 20. Qxd7 Rad8 21. Qe7 a5 22. Nf3 b4 23. Bxg5 Rde8 24. Qf6 1-0


[Site "https://www.chess.com"]

[Event "Titled Tuesday Blitz April 18 Late 2023"]
[White "Koutlas, Nikolaos"]
[Black "Nemsko"]
[WhiteFideId "25827138"]
[WhiteElo "2215"]
[BlackElo "2283"]
[Result "1-0"]
[Round "02"]
[TimeControl "180+2"]
[Date "2023.04.18"]
[WhiteClock "0:01:53"]
[BlackClock "0:01:38"]

1. Nf3 Nf6 2. g3 d5 3. Bg2 e6 4. c4 Bd6 5. O-O c5 6. d4 O-O 7. cxd5 exd5 8. Nc3 h6 9. b3 Be6 10. Bb2 Nc6 11. Rc1 b6 12. Na4 Ne4 13. dxc5 bxc5 14. Nd2 Nxd2 15. Qxd2 Rc8 16. Nxc5 Bxc5 17. Rxc5 Qb6 18. Rfc1 Ne7 19. Rxc8 Rxc8 20. Rxc8+ Nxc8 21. Bxd5 Qd6 22. Qc3 1-0


[Site "https://www.chess.com"]

[Event "Titled Tuesday Blitz April 18 Late 2023"]
[White "StarkyNZ"]
[Black "Goncalves, Davi Sulzbacher"]
[BlackFideId "2154510"]
[WhiteElo "2278"]
[BlackElo "2182"]
[Result "0-1"]
[Round "02"]
[TimeControl "180+2"]
[Date "2023.04.18"]
[WhiteClock "0:02:02"]
[BlackClock "0:01:37"]

1. c4 e5 2. Nf3 Nc6 3. Nc3 Nf6 4. d3 Bb4 5. Bg5 h6 6. Bh4 O-O 7. a3 Bxc3+ 8. bxc3 d6 9. e4 Bg4 10. Be2 g5 11. Bg3 Bh5 12. O-O Qd7 13. Nd2 Bxe2 14. Qxe2 Ne7 15. f3 Ng6 16. Rab1 b6 17. Rfc1 Qa4 18. Rb3 Nh5 19. Nf1 Rae8 20. Rcb1 Kg7 21. Ne3 Kh7 22. Nf5 Qd7 23. d4 exd4 24. cxd4 Qxf5 25. exf5 Rxe2 26. fxg6+ Kxg6 27. R1b2 Rfe8 28. a4 Nxg3 29. hxg3 Rxb2 30. Rxb2 Re1+ 31. Kf2 Ra1 32. Rb4 a5 33. Rb5 Rxa4 0-1


[Site "https://www.chess.com"]

[Event "Titled Tuesday Blitz April 18 Late 2023"]
[White "Lorenzo De La Riva, Lazaro"]
[Black "Onslow, Alfie"]
[WhiteFideId "2268809"]
[BlackFideId "436976"]
[WhiteElo "2294"]
[BlackElo "2114"]
[Result "0-1"]
[Round "02"]
[TimeControl "180+2"]
[Date "2023.04.18"]
[WhiteClock "0:00:04"]
[BlackClock "0:00:36"]

1. c4 c5 2. Nc3 Nc6 3. g3 g6 4. Bg2 Bg7 5. e3 e5 6. Nge2 Nge7 7. O-O O-O 8. a3 d6 9. Rb1 Be6 10. Nd5 Qd7 11. Re1 Bh3 12. Bh1 f5 13. f4 e4 14. Nec3 Nxd5 15. Nxd5 Ne7 16. Nc3 d5 17. cxd5 Nxd5 18. Qb3 Rad8 19. d3 Bxc3 20. bxc3 exd3 21. Bd2 b6 22. c4 Nf6 23. Rbd1 Ne4 24. Bc3 d2 25. Re2 Qd3 26. Bxe4 Qxe2 27. Bc6 Qxe3+ 28. Kh1 Rd3 29. Qb2 Rxc3 30. Bd5+ Rf7 31. Qxd2 Qxd2 32. Rxd2 Rc1+ 33. Rd1 Rxd1# 0-1


[Site "https://www.chess.com"]